AoeStats
← HuNTeR <3<3<3 Chipdi

Arena

507921893Analyzed
1v1 RM · 11d ago on Sep 20, 2026· 51m 16s· 2 players
Game mode
Random Map
Map size
Tiny (2 player)
Population
200
Speed
Normal
Resources
Standard
Victory
Conquest
Starting age
Dark Age
Ending age
Imperial Age
RankedLock teamsTeams togetherTeam positionsShared explorationLock speedFull tech treeHidden civsTurbo modeCheats
Victory
Defeat
1097
+15
🇹🇷 Mongols · Türkiye
1066
-15
HuNTeR <3<3<3 Chipdi
0:27 Loom
12:10 Feudal Age
17:04 Castle Age
15:05 Double-Bit Axe
15:09 Horse Collar
26:35 Imperial Age
24:25 Gold Mining
25:32 Wheelbarrow
25:28 Ballistics
24:49 Treadmill Crane
25:29 Bow Saw
25:50 Elite Skirmisher
27:15 Thumb Ring
27:10 Fletching
27:46 Heavy Plow
28:05 Stone Mining
29:19 Pikeman
31:05 Chemistry
30:31 Bodkin Arrow
30:15 Crossbowman
31:27 Arson
31:43 Squires
32:48 Hand Cart
34:28 Gold Shaft Mining
34:52 Arbalester
36:12 Crop Rotation
36:47 Two-Man Saw
36:32 Padded Archer Armor
38:05 Stone Shaft Mining
37:32 Bracer
37:34 Scale Mail Armor
38:50 Halberdier
39:53 Forging
39:59 Chain Mail Armor
40:31 Conscription
43:13 Leather Archer Armor
43:33 Iron Casting
43:29 Plate Mail Armor
43:04 Scale Barding Armor
44:45 Ring Archer Armor
44:13 Murder Holes
44:29 Fortified Wall
SaladinTheKurd
11:09 Feudal Age
15:38 Castle Age
13:39 Double-Bit Axe
15:07 Horse Collar
16:58 Bow Saw
20:29 Wheelbarrow
19:39 Town Watch
20:28 Heavy Plow
24:33 Gold Mining
25:02 Hand Cart
31:10 Imperial Age
28:41 Town Patrol
28:27 Loom
30:05 Gold Shaft Mining
29:25 Stone Mining
29:28 Fletching
29:39 Padded Archer Armor
30:02 Ballistics
30:23 Husbandry
30:33 Bloodlines
29:44 Light Cavalry
30:47 Masonry
31:24 Forging
31:10 Bodkin Arrow
31:30 Scale Barding Armor
31:52 Fortified Wall
32:41 Iron Casting
32:33 Hussar
33:43 Herbal Medicine
36:02 Conscription
36:17 Chain Barding Armor
37:14 Bracer
38:14 Blast Furnace
38:32 Thumb Ring
38:52 Parthian Tactics
39:34 Onager
40:45 Elite Mangudai
45:06 Elite Skirmisher
Connection lost

Rejoining the realm…

Still unreachable

The connection could not be restored.

Session expired

The server has moved on; the page needs a fresh start.